Map: Orbital Shipyard

Players

CheeseKing

  • Race: Protoss Protoss
  • League: Master

viOLet - Winner!

  • Race: Zerg Zerg

Event: DreamHack ZOWIE Open Leipzig

VOD

Have the link to the VOD?

Description

Time

  • Played on: Jan. 22, 2016, 7:28 a.m.
  • Length: 9:16

All games in this series

Show
View Real Time Build Order
Export as new Build Order

CheeseKing Protoss 

Build Orders: Nexus First 

Get SALT Encoding   

  12  0:00  Probe (Chrono Boost)  
  13  0:11  Probe (Chrono Boost)  
  14  0:17  Pylon  
  14  0:22  Probe (Chrono Boost)  
  16  0:36  Probe (Chrono Boost)  
  16  0:46  Probe (Chrono Boost)  
  17  0:57  Nexus  
  17  1:08  Gateway  
  18  1:11  Probe (Chrono Boost)  
  18  1:21  Assimilator  
  18  1:22  Probe (Chrono Boost)  
  19  1:27  Assimilator  
  19  1:32  Probe (Chrono Boost)  
  20  1:40  Gateway  
  20  1:43  Probe (Chrono Boost)  
  21  1:53  Probe (Chrono Boost)  
  22  1:57  Cybernetics Core  
  22  2:54  Pylon  
  22  2:57  Probe  
  20  3:01  Pylon  
  20  3:06  Adept (Chrono Boost)  
  20  3:12  Adept (Chrono Boost)  
  22  3:13  Probe  
  22  3:16  Probe  
  24  3:25  Probe  
  25  3:28  Probe  
  28  3:34  Adept (Chrono Boost)  
  28  3:37  Mothership Core  
  30  3:42  Probe  
  30  3:47  Adept (Chrono Boost)  
  33  3:54  Probe (Chrono Boost)  
  34  3:56  Warp Gate  
  34  3:58  Probe (Chrono Boost)  
  35  4:06  Probe (Chrono Boost)  
  37  4:10  Probe (Chrono Boost)  
  37  4:16  Probe (Chrono Boost)  
  38  4:18  Stargate  
  38  4:27  Probe (Chrono Boost)  
  37  4:32  Probe (Chrono Boost)  
  37  4:38  Probe (Chrono Boost)  
  37  4:40  Sentry  
  37  4:42  Probe (Chrono Boost)  
  40  4:48  Probe (Chrono Boost)  
  40  4:51  Pylon  
  41  4:53  Probe (Chrono Boost)  
  41  4:59  Probe (Chrono Boost)  
  43  5:03  Probe (Chrono Boost)  
  44  5:09  Probe (Chrono Boost)  
  44  5:11  Nexus  
  44  5:12  Oracle (Chrono Boost)  
  44  5:13  Probe (Chrono Boost)  
  44  5:14  Pylon  
  44  5:21  Probe  
  46  5:24  Probe  
  47  5:33  Probe, Gateway  
  47  5:34  Gateway, Probe  
  48  5:39  Assimilator  
  48  5:42  Assimilator  
  49  5:45  Probe x2  
  49  5:47  Pylon  
  51  5:53  Phoenix (Chrono Boost)  
  51  5:55  Probe  
  53  5:57  Probe  
  54  6:06  Probe  
  54  6:09  Probe  
  56  6:17  Probe, Pylon, Phoenix (Chrono Boost)  
  59  6:21  Probe  
  57  6:25  Zealot  
  57  6:26  Zealot  
  57  6:27  Probe  
  57  6:28  Probe  
  61  6:34  Zealot  
  61  6:36  Sentry  
  61  6:38  Probe x2  
  61  6:39  Phoenix (Chrono Boost)  
  64  6:46  Probe  
  62  6:48  Probe  
  62  6:53  Probe  
  65  7:00  Probe x2, Pylon, Phoenix (Chrono Boost)  
  68  7:15  Probe  
  68  7:18  Probe x2 (Chrono Boost)  
  68  7:20  Robotics Facility  
  70  7:23  Forge  
  70  7:25  Phoenix (Chrono Boost)  
  70  7:27  Probe (Chrono Boost)  
  73  7:30  Probe x2 (Chrono Boost)  
  75  7:38  Probe (Chrono Boost)  
  75  7:41  Probe x2 (Chrono Boost)  
  78  7:49  Probe (Chrono Boost)  
  80  7:51  Probe x2 (Chrono Boost)  
  80  7:57  Assimilator  
  80  7:58  Twilight Council  
  81  7:59  Probe (Chrono Boost)  
  81  8:01  Assimilator  
  81  8:02  Probe x2 (Chrono Boost)  
  84  8:09  Probe (Chrono Boost)  
  84  8:11  Probe (Chrono Boost)  
  84  8:12  Probe (Chrono Boost)  
  87  8:14  Immortal (Chrono Boost)  
  87  8:19  Pylon  
  91  8:22  Pylon  
  91  8:29  Pylon  
  91  8:38  Zealot x4  
  99  8:44  Templar Archives  
  99  8:47  Gateway  
  99  8:49  Gateway  
  99  8:51  Gateway  
  99  8:53  Gateway  
  103  8:58  Zealot x3  
  102  9:07  Zealot  
Show
View Real Time Build Order
Export as new Build Order

viOLet Zerg - Winner!

Build Orders: Pool First 

Get SALT Encoding   

  12  0:18  Spawning Pool  
  11  0:22  Drone  
  12  0:31  Drone  
  12  0:32  Drone  
  14  0:40  Overlord  
  14  1:05  Zergling x6  
  14  1:07  Queen  
  19  1:16  Zergling x2  
  20  1:27  Zergling x2  
  21  1:32  Hatchery  
  21  1:38  Drone  
  21  1:48  Overlord  
  21  1:59  Drone  
  22  2:06  Queen  
  24  2:13  Drone  
  24  2:15  Drone  
  23  2:17  Drone  
  23  2:20  Drone  
  24  2:24  Drone  
  25  2:39  Extractor  
  25  2:41  Drone  
  24  2:52  Drone x2  
  24  2:53  Drone x3  
  29  2:59  Drone  
  29  3:02  Overlord  
  30  3:09  Drone  
  32  3:12  Drone  
  32  3:16  Drone  
  33  3:22  Drone x2  
  33  3:23  Hatchery  
  33  3:25  Drone  
  35  3:28  Drone x2  
  37  3:38  Drone x2  
  37  3:40  Overlord  
  39  3:42  Metabolic Boost  
  39  3:45  Drone  
  39  3:46  Drone  
  41  3:58  Queen  
  41  3:59  Zergling x6  
  41  4:00  Evolution Chamber  
  45  4:04  Zergling x6  
  48  4:10  Zergling x2  
  48  4:11  Zergling x4  
  48  4:14  Overlord  
  51  4:22  Drone  
  49  4:26  Drone x2  
  49  4:29  Drone  
  51  4:33  Drone x3  
  51  4:34  Drone x2  
  51  4:37  Drone  
  57  4:43  Overlord  
  55  4:56  Zergling x2  
  55  4:58  Drone  
  55  5:01  Drone x2  
  55  5:05  Zergling x4  
  58  5:07  Zergling x2  
  58  5:12  Zergling x4  
  58  5:13  Zergling x10  
  63  5:19  Drone  
  63  5:20  Lair  
  64  5:26  Drone x2  
  66  5:29  Overlord  
  66  5:37  Drone x3, Overlord  
  66  5:38  Roach Warren  
  66  5:41  Overlord  
  68  5:48  Drone  
  68  5:49  Drone  
  69  5:51  Drone x3  
  69  5:52  Drone x2  
  69  5:55  Extractor  
  69  5:56  Extractor  
  69  5:57  Extractor  
  70  6:00  Drone x3  
  71  6:05  Drone x2  
  71  6:08  Drone x3  
  75  6:15  Overlord  
  75  6:16  Drone x2  
  77  6:23  Drone x2  
  77  6:24  Drone x2, Hydralisk Den  
  79  6:27  Extractor x2  
  79  6:29  Overlord  
  79  6:31  Drone x3  
  78  6:32  Zergling x2  
  78  6:34  Drone  
  78  6:38  Overlord  
  77  6:40  Drone x3  
  80  6:48  Evolution Chamber, Drone x2  
  80  6:50  Hatchery  
  80  6:54  Spore Crawler x2  
  80  6:56  Drone x3, Spore Crawler  
  80  6:59  Hydralisk x3  
  85  7:03  Muscular Augments  
  85  7:04  Hydralisk x3  
  91  7:10  Hydralisk x2  
  91  7:12  Overlord  
  93  7:17  Overlord x3  
  93  7:19  Hydralisk  
  93  7:21  Zerg Missile Weapons Level 1, Glial Reconstitution  
  95  7:24  Hydralisk x2  
  95  7:27  Overlord x2  
  99  7:30  Hydralisk  
  99  7:31  Hydralisk  
  99  7:34  Overlord x3  
  103  7:41  Queen  
  103  7:43  Hydralisk  
  107  7:46  Hydralisk x2  
  107  7:47  Hydralisk  
  107  7:50  Hydralisk x2  
  117  8:02  Drone x2  
  117  8:03  Drone x8  
  127  8:07  Roach  
  129  8:15  Roach x3  
  135  8:21  Roach  
  135  8:22  Roach x6  
  149  8:29  Overseer  
  149  8:31  Roach x6  
  149  8:33  Queen  
  163  8:37  Extractor x2  
  159  8:42  Evolution Chamber, Drone x3  
  159  8:43  Drone  
  159  8:45  Drone  
  159  8:46  Drone  
  164  8:50  Zergling x2  
  164  8:51  Zergling x10  

Tags
 
Add a new tag
Caveats
  • Supply blocks, unpowered buildings, or Contaminate may cause inaccurate times.
  • Supply counts are checked every 10 seconds.